 Dungeon Crawl Stone Soup version 0.30-a0-141-g30f27751c5 (webtiles) character file.

Game seed: 7005498981547356794

841 qw the Chopper (level 8, -1/48 HPs)
             Began as a Gargoyle Fighter on Sept 25, 2022.
             Was an Initiate of Okawaru.
             Slain by Blork the orc
             ... wielding a +0 halberd
              (3 damage)
             ... on level 6 of the Dungeon.
             The game lasted 00:01:47 (5836 turns).

qw the Chopper (Gargoyle Fighter)                   Turns: 5836, Time: 00:01:48

Health: -1/48      AC: 18    Str: 22    XL:     8   Next: 0%
Magic:  8/8        EV: 10    Int:  9    God:    Okawaru [......]
Gold:   201        SH:  4    Dex:  9    Spells: 7/7 levels left

rFire   . . .      SeeInvis .    Y - +1 war axe
rCold   . . .      Faith    .    c - +0 buckler
rNeg    + . .      Spirit   .    l - +0 plate armour
rPois   inf        Reflect  .    (no helmet)
rElec   +          Harm     .    (no cloak)
rCorr   .          Rampage  .    (no gloves)
Will    .....                    e - +0 pair of boots
Stlth   ..........               n - amulet of the acrobat
HPRegen 0.16/turn                g - +4 ring of evasion
MPRegen 0.11/turn                (no ring)

@: no status effects
A: sickness immunity, AC +5, negative energy resistance 1, electricity
resistance, torment resistance 1, petrification resistance
a: Renounce Religion


You were on level 6 of the Dungeon.
You worshipped Okawaru.
Okawaru was noncommittal.
You visited 1 branch of the dungeon, and saw 6 of its levels.

You collected 201 gold pieces.


Innate Abilities, Weirdness & Mutations

You are immune to sickness and miasma.
Your stone body is resilient. (AC +5)
You are immune to poison.
You resist negative energy. (rN+)
You are resistant to electric shocks. (rElec)
You are resistant to unholy torment.
You are immune to petrification.


   Skills:
 + Level 4.6 Fighting
 - Level 7.2 Axes
 - Level 4.5 Armour
 - Level 3.2 Shields


You had 7 spell levels left.
You didn't know any spells.
Your spell library was empty.

Inventory:

Hand Weapons
 k - the +8 whip of Fedhas's Supremacy {venom, Str+4}
   (You found it on level 5 of the Dungeon)

   It poisons the flesh of those it strikes.
   Str:       It affects your strength (+4).
 Y - a +1 war axe (weapon)
Armour
 c - a +0 buckler (worn)
 e - a +0 pair of boots (worn)
 l - a +0 plate armour (worn)
Jewellery
 g - a +4 ring of evasion (left hand)
 n - an amulet of the acrobat (around neck)
Scrolls
 a - 3 scrolls of teleportation
 i - 2 scrolls of identify
Potions
 b - 2 potions of cancellation
 d - a potion of might
 f - 4 potions of curing
 h - a potion of mutation
 j - a potion of heal wounds
 o - a potion of haste
 p - a potion of lignification

Dungeon Overview and Level Annotations

Branches:
Dungeon (6/15)
 Temple: D:4-7

Altars:
Ashenzari
Fedhas
Gozag
Nemelex Xobeh
Okawaru
Vehumet
Wu Jian

Annotations:
D:5 3 runed translucent doors, qw's ghost, novice GrFi
D:6 Blork the orc


Message History

You swing at nothing.
Something hits you!
You swing at nothing.
Something hits you.
You swing at nothing.
Something hits you but does no damage.
You swing at nothing.
Something hits you but does no damage.
You swing at nothing.
You hear some strange, mumbled words.
You swing at nothing.
Something hits you. Something hits you but does no damage.
You swing at nothing.
Something hits you!
You swing at nothing.
You hear some strange, mumbled words.
You swing at nothing.
Something hits you.
You swing at nothing.
You hear some strange, mumbled words.
You swing at nothing.
You hear some strange, mumbled words.
A puff of flame appears from out of thin air!
The puff of flame hits you. Something hits you!
You swing at nothing.
Something hits you but does no damage. x2
You swing at nothing.
Something hits you.
You swing at nothing.
Something hits you. Something hits you but does no damage.
You swing at nothing.
Something hits you but does no damage.
You hear some strange, mumbled words.
A puff of flame appears from out of thin air!
The puff of flame hits you but does no damage.
You swing at nothing.
Something hits you but does no damage. Something hits you.
You swing at nothing.
Something hits you! Something hits you.
You die...

###....................
........................
#.......................
#......>...............
##...#................#
#....###..............##
.....#####..............
#.....####.#.........#
#####..##..####.@....#
##.....# ###.....#
##...## {...[.# . ##...#
....... .. ##...###
....>.. ...####......#
....... #.......####....
....... ###....## #...
....... ####.### ...


There were no monsters in sight!

Vanquished Creatures
  2 ogres
  A phantom (D:6)
  A bullfrog (D:6)
  2 scorpions
  A necrophage (D:6)
  A jelly (D:5)
  4 hounds
  An iguana (D:4)
  8 adders
  A shadow imp (D:5)
  A worm (D:3)
  2 dart slugs
  6 orcs
  A ball python (D:3)
  14 endoplasms
  2 giant cockroaches
  5 goblins
  12 hobgoblins
  6 jackals
  4 quokkas
  3 bats (D:2)
  3 frilled lizards
  6 kobolds
  2 rats
89 creatures vanquished.

Vanquished Creatures (others)
  4 demonic plants (D:5)
4 creatures vanquished.

Grand Total: 93 creatures vanquished

Notes
Turn   | Place    | Note
-------+----------+-------------------------------------------
     0 | D:1      | qw the Gargoyle Fighter began the quest for the Orb.
     0 | D:1      | Reached XP level 1. HP: 14/14 MP: 1/1
     0 | D:1      | 0 ||| qw: Version: 0.2-a-10-g399e6c4
     0 | D:1      | 0 ||| qw: Game counter: 239
     0 | D:1      | 0 ||| qw: Always use a shield: true
     0 | D:1      | 0 ||| qw: God list: Okawaru
     0 | D:1      | 0 ||| qw: Allow faded altars: false
     0 | D:1      | 0 ||| qw: Do Orc after D:15 true
     0 | D:1      | 0 ||| qw: Do second Lair branch before Depths: true
     0 | D:1      | 0 ||| qw: Lair rune preference: random
     0 | D:1      | 0 ||| qw: Plans: Normal, Zot:1-4, God:TSO, Crypt, Tomb,
                  | Pan, Slime:5, Hells, Abyss, Orb
     0 | D:1      | 0 ||| PLANNING D:1-11
   202 | D:1      | Reached skill level 2 in Axes
   292 | D:1      | Reached XP level 2. HP: 19/19 MP: 2/2
   709 | D:1      | 709 ||| Stepping ~*~*~tactically~*~*~ (hiding).
  1112 | D:1      | 1112 ||| UPGRADING to +0 chain mail.
  1122 | D:1      | 1122 ||| DROPPING +0 scale mail.
  1123 | D:1      | 1123 ||| READING 2 scrolls labelled RESTRA DOUTUCI.
  1127 | D:1      | 1127 ||| READING scroll labelled HUTZOLUKAH.
  1128 | D:1      | 1128 ||| READING 3 scrolls labelled VUSOYM WUBIMU.
  1129 | D:1      | 1129 ||| READING scroll labelled LUPRIOZXEBLI.
  1130 | D:1      | 1130 ||| DRINKING 2 lumpy cyan potions.
  1131 | D:1      | 1131 ||| READING 2 scrolls of identify.
  1131 | D:1      | 1131 ||| IDENTIFYING red potion
  1132 | D:1      | 1132 ||| DROPPING potion of brilliance.
  1173 | D:2      | Reached skill level 3 in Axes
  1173 | D:2      | Reached XP level 3. HP: 23/23 MP: 3/3
  1398 | D:2      | Found a faded altar of an unknown god.
  1483 | D:2      | 1483 ||| Stepping ~*~*~tactically~*~*~ (stealth).
  1562 | D:2      | 1562 ||| Stepping ~*~*~tactically~*~*~ (stealth).
  1707 | D:2      | Found a blossoming altar of Fedhas.
  2024 | D:2      | Reached XP level 4. HP: 25/28 MP: 4/4
  2075 | D:2      | 2075 ||| UPGRADING to +0 pair of boots.
  2080 | D:2      | 2080 ||| UPGRADING to +4 ring of evasion.
  2081 | D:2      | 2081 ||| READING 2 scrolls of identify.
  2081 | D:2      | 2081 ||| IDENTIFYING emerald potion
  2082 | D:2      | 2082 ||| DROPPING potion of degeneration.
  2184 | D:3      | 2184 ||| Stepping ~*~*~tactically~*~*~ (stealth).
  2187 | D:3      | Reached skill level 4 in Axes
  2333 | D:3      | Noticed a scorpion
  2334 | D:3      | 2334 ||| Stepping ~*~*~tactically~*~*~ (stealth).
  2342 | D:3      | Killed a scorpion
  2343 | D:3      | Reached XP level 5. HP: 25/32 MP: 5/5
  2532 | D:3      | Found a broken altar of Ashenzari.
  2701 | D:3      | Found an ornate altar of the Wu Jian Council.
  2714 | D:3      | Reached skill level 5 in Axes
  3098 | D:3      | 3098 ||| UPGRADING to +0 plate armour.
  3108 | D:3      | 3108 ||| DROPPING +0 chain mail.
  3109 | D:3      | 3109 ||| UPGRADING to amulet of the acrobat.
  3114 | D:3      | 3114 ||| READING scroll labelled XAOKHE OSIN.
  3115 | D:3      | 3115 ||| READING scroll labelled ETYH OCVUURAWN.
  3116 | D:3      | 3116 ||| READING scroll labelled OTIQEN KAUH.
  3117 | D:3      | 3117 ||| DRINKING 2 lumpy orange potions.
  3118 | D:3      | 3118 ||| READING 2 scrolls of identify.
  3118 | D:3      | 3118 ||| IDENTIFYING glowing amethyst potion
  3119 | D:3      | 3119 ||| DROPPING potion of invisibility.
  3178 | D:4      | 3178 ||| Stepping ~*~*~tactically~*~*~ (stealth).
  3195 | D:4      | 3195 ||| FLEEEEING.
  3205 | D:4      | 3205 ||| STAIRDANCE
  3417 | D:4      | 3417 ||| Stepping ~*~*~tactically~*~*~ (stealth).
  3444 | D:4      | 3444 ||| Stepping ~*~*~tactically~*~*~ (hiding).
  3445 | D:4      | 3445 ||| Stepping ~*~*~tactically~*~*~ (hiding).
  3446 | D:4      | 3446 ||| Stepping ~*~*~tactically~*~*~ (stealth).
  3574 | D:4      | 3574 ||| Stepping ~*~*~tactically~*~*~ (hiding).
  3740 | D:4      | Found an opulent altar of Gozag.
  3762 | D:4      | 3762 ||| Stepping ~*~*~tactically~*~*~ (stealth).
  3879 | D:4      | Noticed an ogre
  3893 | D:4      | Killed an ogre
  3894 | D:4      | Reached XP level 6. HP: 21/38 MP: 6/6
  4332 | D:4      | Reached skill level 6 in Axes
  4350 | D:4      | Found a sparkling altar of Nemelex Xobeh.
  4532 | D:4      | 4532 ||| DRINKING 3 clear potions.
  4533 | D:4      | 4533 ||| DRINKING 2 puce potions.
  4534 | D:4      | 4534 ||| READING 4 scrolls of identify.
  4534 | D:4      | 4534 ||| IDENTIFYING glowing silvery potion
  4535 | D:4      | 4535 ||| READING 3 scrolls of identify.
  4535 | D:4      | 4535 ||| IDENTIFYING brown potion
  4536 | D:4      | 4536 ||| READING 2 scrolls of identify.
  4536 | D:4      | 4536 ||| IDENTIFYING sapphire potion
  4537 | D:4      | 4537 ||| DROPPING potion of ambrosia.
  4568 | D:5      | Entered Level 5 of the Dungeon
  4575 | D:5      | 4575 ||| Stepping ~*~*~tactically~*~*~ (stealth).
  4677 | D:5      | 4677 ||| DROPPING +0 club.
  4681 | D:5      | Found a runed translucent gate.
  4681 | D:5      | Found a runed translucent gate.
  4699 | D:5      | Reached XP level 7. HP: 15/43 MP: 7/7
  4910 | D:5      | 4910 ||| Stepping ~*~*~tactically~*~*~ (stealth).
  5041 | D:5      | Found an iron altar of Okawaru.
  5042 | D:5      | 5042 ||| PLANNING OKAWARU WORSHIP
  5045 | D:5      | Became a worshipper of Warmaster Okawaru
  5046 | D:5      | 5046 ||| PLANNING D:1-11
  5140 | D:5      | Identified the +8 whip of Fedhas's Supremacy {venom, Str+4}
  5142 | D:5      | 5142 ||| DROPPING +0 mace.
  5293 | D:5      | Found a runed translucent gate.
  5293 | D:5      | Identified the +1 dagger "Kimy" {vamp, *Rage Int+6 Dex+4}
  5293 | D:5      | Identified the +3 ring mail of Hopscotch {rC- rN+++ Str-5
                  | SInv}
  5293 | D:5      | Noticed qw's ghost (novice GrFi)
  5443 | D:5      | Identified the +0 robe of Hubris {rN++}
  5474 | D:5      | 5474 ||| READING scroll labelled WAOWIV TIOCOHI.
  5534 | D:6      | 5534 ||| STAIRDANCE
  5713 | D:6      | Reached skill level 7 in Axes
  5716 | D:6      | 5716 ||| Stepping ~*~*~tactically~*~*~ (stealth).
  5718 | D:6      | 5718 ||| Stepping ~*~*~tactically~*~*~ (stealth).
  5757 | D:6      | Found a radiant altar of Vehumet.
  5814 | D:6      | Reached XP level 8. HP: 48/48 MP: 8/8
  5818 | D:6      | Noticed Blork the orc
  5835 | D:6      | HP: 11/48 [something (3)]
  5836 | D:6      | HP: 2/48 [something (9)]
  5836 | D:6      | Slain by Blork the orc

Levels and vault maps discovered:
D:1:      dpeg_arrival_round_c, layout_basic, serial_forest,
          infiniplex_forest_clump_diagonal, infiniplex_forest_diagonal,
          infiniplex_forest_straight_2, infiniplex_forest_end_2,
          infiniplex_forest_straight_3, infiniplex_forest_end_3,
          infiniplex_forest_clump_tiny, infiniplex_forest_straight_3,
          infiniplex_forest_zigzag_1
D:2:      layout_loops_ring, basic_altar, hellmonk_ecumenical_altar_zigzags
D:3:      layout_loops_ring, nicolae_wu_jian_immortal_techniques,
          nicolae_overflow_crystal_walls
D:4:      layout_basic, nemelex_dance_club_becter,
          nicolae_gozag_cash_rules_everything_around_me,
          nicolae_elevator_lobby_asterisk
D:5:      layout_rooms, mainiacjoe_overflow_tiny_flanked,
          biasface_ghost_orc_armoury, dreamdust_princess_corridor
D:6:      layout_layer_cave, xom_confusion_cloud, nicolae_uskayaw_dance_hall,
          marbit_many_paths, zin_angel, uniq_blork_the_orc

Skill      XL: |  1  2  3  4  5  6  7 |
---------------+----------------------+-----
Axes           | 2 3 4 5 6 7 |  7.2
Fighting       | 4 |  4.6
Armour         | 4 |  4.5
Shields        | |  3.2

Action                   |  1- 3 |  4- 6 |  7- 9 || total
-------------------------+-------+-------+-------++-------
Melee: War axe           |   109 |   152 |    77 ||   338
  Use: Scroll            |     5 |     8 |     1 ||    14
       Potion            |     1 |     3 |       ||     4
Armor: Scale mail        |    16 |       |       ||    16
       Chain mail        |    32 |    18 |       ||    50
       Plate armour      |       |    38 |    50 ||    88
Dodge: Dodged            |    36 |    71 |    35 ||   142
Block: Buckler           |    22 |    11 |    10 ||    43

Table legend:
 A = Non-vault XP
 B = Vault XP
 C = Vault XP percentage of total XP
 D = Non-vault monster count
 E = Vault monster count
 F = Vault count percentage of total count
                 A         B        C        D         E       F
            +---------+---------+-------+---------+---------+-------
      Total |    1101 |     101 |   8.4 |      86 |       3 |   3.4
            +---------+---------+-------+---------+---------+-------
        D:1 |      27 |       0 |   0.0 |      14 |       0 |   0.0
        D:2 |      64 |       0 |   0.0 |      17 |       0 |   0.0
        D:3 |     154 |       0 |   0.0 |      17 |       0 |   0.0
        D:4 |     265 |       5 |   1.9 |      25 |       2 |   7.4
        D:5 |     397 |       0 |   0.0 |      10 |       0 |   0.0
        D:6 |     194 |      96 |  33.1 |       3 |       1 |  25.0
            +---------+---------+-------+---------+---------+-------
